 Dungeon Crawl Stone Soup version 0.31.0-9-g3a7656b989 (webtiles) character file.

Game seed: 13570437817200538502

2621 qw the Markself (level 9, 0/52 HPs)
             Began as a Deep Elf Hunter on Feb 2, 2024.
             Slain by a killer bee (4 damage)
             ... on level 7 of the Dungeon.
             The game lasted 00:00:38 (7101 turns).

qw the Markself (Deep Elf Hunter)                   Turns: 7101, Time: 00:00:38

Health: 0/52       AC:  8    Str: 12    XL:     9   Next: 34%
Magic:  0/11       EV: 13    Int: 15    God:
Gold:   214        SH:  0    Dex: 18    Spells: 8/8 levels left

rFire   . . .        b - +0 arbalest
rCold   . . .        (shield currently unavailable)
rNeg    . . .        f - +0 ring mail
rPois   .            (no helmet)
rElec   .            j - +2 cloak
rCorr   .            (no gloves)
SInv    .            (no boots)
Will    .....        d - amulet of guardian spirit
Stlth   +            (no ring)
HPRegen 0.28/turn    (no ring)
MPRegen 0.12/turn

%: guardian spirit
@: lethally poisoned (0 -> -12)
A: no striking features
a: no special abilities


You were on level 7 of the Dungeon.
You visited 1 branch of the dungeon, and saw 7 of its levels.

You collected 422 gold pieces.
You spent 208 gold pieces at shops.


   Skills:
 - Level 4.0 Fighting
 + Level 15.0 Ranged Weapons
 - Level 1.2 Armour
 - Level 5.4 Dodging
 - Level 1.2 Stealth


You had 8 spell levels left.
You didn't know any spells.
Your spell library was empty.

Inventory:

Hand Weapons
 b - a +0 arbalest (weapon)
Armour
 f - a +0 ring mail (worn)
 j - a +2 cloak (worn)
Jewellery
 c - a ring of ice
 d - an amulet of guardian spirit (around neck)
Scrolls
 a - a scroll of identify
Potions
 e - a potion of cancellation
 g - a potion of enlightenment
 k - 2 potions of mutation
 p - a potion of resistance

Dungeon Overview and Level Annotations

Branches:
Dungeon (7/15)             Temple (0/1) D:7

Altars:
Hepliaklqana
Ru
Yredelemnul
Zin

Shops:
D:6 ?

Annotations:
D:7 exclusion: moth of wrath


Message History

The killer bee stings you but does no damage.
The killer bee closely misses you. The killer bee barely misses you.
A killer bee comes into view.
The killer bee closely misses you. The killer bee misses you.
The killer bee stings you.
You shoot a bolt. The bolt hits the killer bee!
You kill the killer bee!
You feel sick.
The killer bee stings you but does no damage.
The killer bee closely misses you. The killer bee stings you.
The killer bee barely misses you.
The killer bee stings you but does no damage.
The killer bee closely misses you. x4
The killer bee stings you but does no damage.
The killer bee misses you.
Your Fighting skill increases to level 4!
You shoot a bolt.
The bolt hits the killer bee but does no damage.
You feel sick.
The killer bee stings you but does no damage.
The killer bee barely misses you. x2; The killer bee stings you!
The killer bee misses you. The killer bee stings you!
The killer bee stings you. The killer bee closely misses you.
You shoot a bolt. The bolt misses the killer bee.
You feel sick. The killer bee misses you. The killer bee stings you.
You are more poisoned.
The killer bee poisons you! The killer bee closely misses you.
The killer bee barely misses you. x2; The killer bee completely misses you.
The killer bee stings you.
You are lethally poisoned!
The killer bee poisons you! The killer bee stings you.
The killer bee closely misses you. x3
The killer bee stings you but does no damage.
You shoot a bolt. The bolt hits the killer bee!
The killer bee is severely wounded.
You feel very sick.
The killer bee closely misses you. x2; The killer bee misses you.
The killer bee stings you but does no damage.
The killer bee closely misses you. The killer bee stings you.
You die...

#######
####.))/.####
#...%.)).y@y###
#...~#.#~..y#y..#
..~~ #.#~~~..##.#
.~ #.#~~~~.y#.#
#.#~~~~~.#.####
#.#~~~~~......##
#.#####~~.##...##
.. #~~.#.....###
#~~.........#
#...


You could see 4 killer bees.

Vanquished Creatures
  Grinder (D:3)
  A wyvern (D:7)
  3 vampire mosquitoes (D:7)
  2 water moccasins
  An ice beast (D:6)
  An ogre (D:3)
  A kobold brigand (D:5)
  A weeping skull (D:5)
  A bullfrog (D:6)
  3 gnoll sergeants
  2 scorpions (D:5)
  A killer bee (D:7)
  2 bombardier beetles
  2 jellies (D:6)
  2 orc priests
  7 hounds
  An iguana (D:4)
  2 sleepcaps
  4 orc wizards
  16 gnolls
  6 adders
  3 white imps
  4 ufetubi
  3 dart slugs
  5 ribbon worms
  25 orcs
  3 endoplasms
  3 giant cockroaches
  5 goblins
  4 hobgoblins
  6 jackals
  2 quokkas
  5 ball pythons
  7 bats
  A frilled lizard (D:1)
  5 kobolds
  5 rats
  A spectral orc (D:5)
147 creatures vanquished.

Notes
Turn   | Place    | Note
-------+----------+-------------------------------------------
     0 | D:1      | qw the Deep Elf Hunter began the quest for the Orb.
     0 | D:1      | Reached XP level 1. HP: 12/12 MP: 3/3
     0 | D:1      | 0 ||| qw: Version: 0.3-a-155-g5e7d8dd
     0 | D:1      | 0 ||| qw: Game counter: 1379
     0 | D:1      | 0 ||| qw: Melee chars always use a shield: true
     0 | D:1      | 0 ||| qw: God list: Okawaru
     0 | D:1      | 0 ||| qw: Allow faded altars: false
     0 | D:1      | 0 ||| qw: Do Orc after clearing Dungeon:15 true
     0 | D:1      | 0 ||| qw: Do second Lair branch before Depths: true
     0 | D:1      | 0 ||| qw: Lair rune preference: random
     0 | D:1      | 0 ||| qw: Goals: Normal
     0 | D:1      | 0 ||| PLANNING D:1-11
    82 | D:1      | 82 ||| UPGRADING to amulet of guardian spirit.
   206 | D:1      | Reached XP level 2. HP: 16/16 MP: 4/4
   259 | D:1      | Reached skill level 6 in Ranged Weapons
   968 | D:1      | 968 ||| DROPPING +6 ring of intelligence.
   969 | D:1      | 969 ||| READING scroll labelled PYPNEBBUTRIO.
   970 | D:1      | 970 ||| READING scroll labelled INLAAM ONYKABY.
   975 | D:1      | 975 ||| READING 2 scrolls labelled DESO NIRIH.
   975 | D:1      | 975 ||| IDENTIFYING clear potion
   976 | D:1      | 976 ||| READING scroll of identify.
   976 | D:1      | 976 ||| IDENTIFYING puce potion
   977 | D:1      | 977 ||| DRINKING 2 blue potions.
   978 | D:1      | 978 ||| DROPPING scroll of butterflies.
  1180 | D:2      | Reached XP level 3. HP: 20/20 MP: 5/5
  1363 | D:2      | HP: 5/20 [adder (1)]
  1364 | D:2      | 1364 ||| DRINKING potion of heal wounds.
  1371 | D:2      | HP: 5/20 [adder (2)]
  1375 | D:2      | Reached skill level 7 in Ranged Weapons
  1376 | D:2      | HP: 2/20 [poisoned by an adder]
  1541 | D:2      | Found a faded altar of an unknown god.
  1698 | D:2      | 1698 ||| UPGRADING to +0 ring mail.
  1708 | D:2      | 1708 ||| DROPPING +0 leather armour.
  1709 | D:2      | 1709 ||| READING 3 scrolls of identify.
  1709 | D:2      | 1709 ||| IDENTIFYING grey potion
  1710 | D:2      | 1710 ||| READING 2 scrolls of identify.
  1710 | D:2      | 1710 ||| IDENTIFYING emerald potion
  1711 | D:2      | 1711 ||| READING scroll of identify.
  1711 | D:2      | 1711 ||| IDENTIFYING fuming coppery potion
  1712 | D:2      | 1712 ||| READING scroll labelled ESKIGI SAFU.
  1713 | D:2      | 1713 ||| READING scroll labelled EGOTUI YLOOSM.
  1714 | D:2      | 1714 ||| READING scroll labelled FIYDDA GYRUPH.
  1815 | D:2      | 1815 ||| DROPPING potion of ambrosia.
  1831 | D:3      | 1831 ||| STAIRDANCE
  1841 | D:2      | Reached XP level 4. HP: 16/25 MP: 3/6
  1879 | D:3      | 1879 ||| STAIRDANCE
  1943 | D:3      | 1943 ||| STAIRDANCE
  1984 | D:3      | 1984 ||| STAIRDANCE
  1987 | D:3      | 1987 ||| STAIRDANCE
  2025 | D:3      | 2025 ||| STAIRDANCE
  2052 | D:3      | 2052 ||| STAIRDANCE
  2075 | D:3      | 2075 ||| STAIRDANCE
  2124 | D:3      | 2124 ||| STAIRDANCE
  2179 | D:3      | Noticed Grinder
  2180 | D:3      | 2180 ||| DRINKING potion of haste.
  2197 | D:3      | Paralysed by Grinder for 5 turns
  2206 | D:3      | Paralysed by Grinder for 2 turns
  2211 | D:3      | Killed Grinder
  2212 | D:3      | Reached skill level 9 in Ranged Weapons
  2212 | D:3      | Reached XP level 5. HP: 10/29 MP: 5/7
  2212 | D:3      | Reached XP level 6. HP: 12/34 MP: 5/8
  2217 | D:3      | HP: 8/34 [poisoned by an adder]
  2390 | D:3      | 2390 ||| FLEEEEING.
  2391 | D:3      | 2391 ||| FLEEEEING.
  2392 | D:3      | 2392 ||| FLEEEEING.
  2393 | D:3      | 2393 ||| FLEEEEING.
  2394 | D:3      | 2394 ||| FLEEEEING.
  2395 | D:3      | 2395 ||| FLEEEEING.
  2396 | D:3      | 2396 ||| FLEEEEING.
  2397 | D:3      | 2397 ||| FLEEEEING.
  2467 | D:3      | 2467 ||| DRINKING potion of curing.
  2467 | D:3      | 2467 ||| (to cure confusion)
  2488 | D:3      | Reached skill level 10 in Ranged Weapons
  2979 | D:3      | 2979 ||| READING scroll of identify.
  2979 | D:3      | 2979 ||| IDENTIFYING fizzy pink potion
  2980 | D:3      | 2980 ||| READING scroll labelled WETUVA XILEA.
  2980 | D:3      | 2980 ||| BRANDING +0 shortbow.
  2981 | D:3      | 2981 ||| READING scroll labelled IPUSUC TEOR.
  2992 | D:4      | 2992 ||| STAIRDANCE
  3013 | D:4      | 3013 ||| STAIRDANCE
  3084 | D:4      | 3084 ||| STAIRDANCE
  3212 | D:4      | Reached XP level 7. HP: 40/40 MP: 9/9
  3533 | D:4      | Found the +7 Throatcutter {drain, coup de grace}
  3976 | D:4      | 3976 ||| UPGRADING to +0 cloak.
  3981 | D:4      | 3981 ||| READING scroll of identify.
  3981 | D:4      | 3981 ||| IDENTIFYING amethyst potion
  3982 | D:4      | 3982 ||| READING scroll labelled MIGREU OSTROP.
  3983 | D:4      | 3983 ||| DROPPING potion of attraction.
  4030 | D:5      | Entered Level 5 of the Dungeon
  4054 | D:5      | Reached skill level 1 in Armour
  4206 | D:5      | Reached skill level 11 in Ranged Weapons
  4567 | D:5      | Reached skill level 12 in Ranged Weapons
  4687 | D:5      | Reached XP level 8. HP: 43/45 MP: 10/10
  4756 | D:5      | Found a basalt altar of Yredelemnul.
  4769 | D:5      | Reached skill level 3 in Fighting
  4894 | D:5      | 4894 ||| READING scroll of identify.
  4894 | D:5      | 4894 ||| IDENTIFYING bubbling inky potion
  4895 | D:5      | 4895 ||| READING scroll labelled GOCKUM SAMA.
  4896 | D:5      | 4896 ||| DROPPING potion of lignification.
  4914 | D:6      | Found Fayxyu's Magic Scroll Emporium.
  4916 | D:6      | 4916 ||| STAIRDANCE
  4922 | D:6      | 4922 ||| STAIRDANCE
  4992 | D:6      | 4992 ||| STAIRDANCE
  5027 | D:6      | 5027 ||| BUYING scroll of enchant armour (82 gold).
  5027 | D:6      | Bought a scroll of enchant armour for 82 gold pieces
  5027 | D:6      | 5027 ||| BUYING scroll of enchant armour (82 gold).
  5027 | D:6      | Bought a scroll of enchant armour for 82 gold pieces
  5027 | D:6      | 5027 ||| BUYING scroll of identify (22 gold).
  5027 | D:6      | Bought a scroll of identify for 22 gold pieces
  5027 | D:6      | 5027 ||| BUYING scroll of identify (22 gold).
  5027 | D:6      | Bought a scroll of identify for 22 gold pieces
  5027 | D:6      | 5027 ||| READING 2 scrolls of enchant armour.
  5027 | D:6      | 5027 ||| ENCHANTING +0 cloak.
  5028 | D:6      | 5028 ||| READING scroll of enchant armour.
  5028 | D:6      | 5028 ||| ENCHANTING +1 cloak.
  5193 | D:6      | 5193 ||| RETREEEEATING.
  5195 | D:6      | 5195 ||| RETREEEEATING.
  5200 | D:6      | Reached skill level 13 in Ranged Weapons
  5248 | D:6      | HP: 11/46 [burnt (2)]
  5598 | D:6      | Found a sacrificial altar of Ru.
  5600 | D:6      | Found a glowing silver altar of Zin.
  5600 | D:6      | Found a hazy altar of Hepliaklqana.
  5874 | D:6      | 5874 ||| SWAPPING to +0 arbalest.
  5899 | D:6      | 5899 ||| DROPPING +0 heavy shortbow.
  6197 | D:6      | 6197 ||| READING 2 scrolls of identify.
  6197 | D:6      | 6197 ||| IDENTIFYING fuming orange potion
  6198 | D:6      | 6198 ||| READING scroll of identify.
  6198 | D:6      | 6198 ||| IDENTIFYING dark potion
  6199 | D:6      | 6199 ||| DROPPING potion of degeneration.
  6200 | D:6      | 6200 ||| DROPPING potion of brilliance.
  6222 | D:7      | 6222 ||| PLANNING OSSUARY
  6228 | D:7      | Reached skill level 14 in Ranged Weapons
  6231 | D:7      | 6231 ||| RETREEEEATING.
  6233 | D:7      | 6233 ||| RETREEEEATING.
  6234 | D:7      | 6234 ||| RETREEEEATING.
  6243 | D:7      | Reached XP level 9. HP: 19/50 MP: 5/11
  6243 | D:7      | HP: 12/50 [vampire mosquito (7)]
  6244 | D:7      | 6244 ||| DRINKING 3 potions of heal wounds.
  6250 | D:7      | HP: 12/50 [vampire mosquito (2)]
  6251 | D:7      | 6251 ||| DRINKING 2 potions of heal wounds.
  6339 | D:7      | Found a staircase to the Ecumenical Temple.
  6340 | D:7      | 6340 ||| RETREEEEATING.
  6344 | D:7      | 6344 ||| RETREEEEATING.
  6345 | D:7      | 6345 ||| RETREEEEATING.
  6346 | D:7      | 6346 ||| RETREEEEATING.
  6347 | D:7      | 6347 ||| RETREEEEATING.
  6348 | D:7      | 6348 ||| RETREEEEATING.
  6351 | D:7      | 6351 ||| RETREEEEATING.
  6354 | D:7      | 6354 ||| RETREEEEATING.
  6363 | D:7      | HP: 12/50 [gnoll/+0 flail[a gnoll sergeant] (7)]
  6364 | D:7      | 6364 ||| DRINKING potion of heal wounds.
  6590 | D:7      | 6590 ||| FLEEEEING.
  6650 | D:7      | 6650 ||| FLEEEEING.
  6764 | D:7      | Identified the +5 rapier "Ofoeshor" {freeze, ^Fragile
                  | Will++ Str+2 Int+2}
  6824 | D:7      | Noticed a moth of wrath
  6861 | D:7      | Reached skill level 15 in Ranged Weapons
  6907 | D:7      | 6907 ||| RIP OSSUARY
  6908 | D:7      | 6908 ||| PLANNING TEMPLE
  6910 | D:7      | 6910 ||| RETREEEEATING.
  6911 | D:7      | 6911 ||| RETREEEEATING.
  6912 | D:7      | 6912 ||| RETREEEEATING.
  6913 | D:7      | 6913 ||| RETREEEEATING.
  6914 | D:7      | 6914 ||| RETREEEEATING.
  6921 | D:7      | HP: 13/52 [gnoll/+0 flail[a gnoll sergeant] (8)]
  6923 | D:7      | HP: 6/52 [gnoll/+0 flail[a gnoll sergeant] (3)]
  7086 | D:7      | 7086 ||| DROPPING scarf of shadows.
  7087 | D:7      | 7087 ||| READING 2 scrolls of identify.
  7087 | D:7      | 7087 ||| IDENTIFYING murky coppery potion
  7088 | D:7      | 7088 ||| DROPPING wand of flame (18).
  7093 | D:7      | 7093 ||| RETREEEEATING.
  7094 | D:7      | 7094 ||| RETREEEEATING.
  7099 | D:7      | HP: 13/52 [killer bee (1)]
  7101 | D:7      | HP: 4/52 [poisoned by a killer bee]
  7101 | D:7      | Slain by a killer bee

Levels and vault maps discovered:
D:1:      elethiomel_arrival_maze, layout_basic, serial_curves, eino_curves_03,
          eino_curves_03, eino_curves_04, eino_curves_04, minmay_hexomino_u4
D:2:      layout_rooms, hellmonk_ecumenical_altar_crossroads, bh_walls_and_bars
D:3:      layout_basic, uniq_grinder
D:4:      layout_basic
D:5:      layout_basic, yredelemnul_forgotten_temple_becter
D:6:      layout_basic, chequers_temple_overflow_statue_of_worship,
          serial_shops, shop
D:7:      layout_loops_ring, tgw_trog, minmay_temple_entry_wispy,
          enter_ossuary_1, nicolae_water_bricks, grunt_decor_junction

Skill      XL: |  1  2  3  4  5  6  7  8  9 |
---------------+----------------------------+-----
Ranged Weapons | 6 7 9 10 12 14 15 | 15.0
Fighting       | 2 3 4 |  4.0
Dodging        | 4 5 |  5.4
Armour         | 1 |  1.2
Stealth        | |  1.2

Action                     |  1- 3 |  4- 6 |  7- 9 || total
---------------------------+-------+-------+-------++-------
   Fire: Shortbow          |   109 |   179 |   155 ||   443
         Arbalest          |       |       |   114 ||   114
    Use: Scroll            |    10 |     3 |     9 ||    22
         Potion            |     2 |     2 |     3 ||     7
 Armour: Leather armour    |    42 |       |       ||    42
         Ring mail         |     8 |    86 |   174 ||   268
  Dodge: Dodged            |    40 |    79 |   182 ||   301

Table legend:
 A = Non-vault XP
 B = Vault XP
 C = Vault XP percentage of total XP
 D = Non-vault monster count
 E = Vault monster count
 F = Vault count percentage of total count
                 A         B        C        D         E       F
            +---------+---------+-------+---------+---------+-------
      Total |    3352 |     393 |  10.5 |     141 |       6 |   4.1
            +---------+---------+-------+---------+---------+-------
        D:1 |      19 |       4 |  17.4 |      10 |       3 |  23.1
        D:2 |     105 |       0 |   0.0 |      21 |       0 |   0.0
        D:3 |     305 |     286 |  48.4 |      32 |       1 |   3.0
        D:4 |     234 |       0 |   0.0 |      20 |       0 |   0.0
        D:5 |     601 |     103 |  14.6 |      20 |       2 |   9.1
        D:6 |     681 |       0 |   0.0 |      13 |       0 |   0.0
        D:7 |    1407 |       0 |   0.0 |      25 |       0 |   0.0
            +---------+---------+-------+---------+---------+-------
